 Dungeon Crawl Stone Soup version 0.19-a0-1937-g70ed36a (webtiles) character file.

168 varam the Conjurer (level 5, 0/28 HPs)
             Began as a Deep Elf Conjurer on Oct 26, 2016.
             Was an Initiate of Vehumet.
             Slain by a water moccasin (2 damage)
             ... on level 4 of the Dungeon.
             The game lasted 00:07:08 (3530 turns).

varam the Conjurer (Deep Elf Conjurer)              Turns: 3530, Time: 00:07:09

Health: 0/28       AC:  2    Str:  6    XL:     5   Next: 24%
Magic:  4/11       EV: 13    Int: 20    God:    Vehumet [......]
Gold:   129        SH:  0    Dex: 15    Spells: 3 memorised, 2 levels left

rFire  . . .     SeeInvis .     j - +2 hunting sling (velocity)
rCold  + . .     Gourm    .     a - +0 robe
rNeg   . . .     Faith    .     (no shield)
rPois  .         Spirit   .     (no helmet)
rElec  .         Reflect  .     (no cloak)
rCorr  .         Harm     .     (no gloves)
MR     .....                    (no boots)
Stlth  ++........               (no amulet)
                                v - ring of protection from fire
                                l - ring of ice

@: lethally poisoned (0 -> -13)
A: no striking features
a: Renounce Religion


You were on level 4 of the Dungeon.
You worshipped Vehumet.
Vehumet was noncommittal.
You were not hungry.

You visited 2 branches of the dungeon, and saw 5 of its levels.

You collected 129 gold pieces.

Inventory:

Hand Weapons
 j - a +2 hunting sling of velocity (weapon)
 k - a +0 hand axe
Missiles
 q - 20 sling bullets (quivered)
Armour
 a - a +0 robe (worn)
 u - a +0 buckler
Jewellery
 l - a ring of ice (left hand)
 v - a ring of protection from fire (right hand)
Scrolls
 d - 5 scrolls of identify {unknown}
 i - a scroll of blinking {unknown}
 o - 3 scrolls of remove curse {unknown}
 t - 2 scrolls of immolation {unknown}
Potions
 e - a potion of invisibility {unknown}
 f - 2 potions of brilliance {unknown}
 g - 3 potions of might {unknown}
 h - 2 potions of degeneration {unknown}
 m - 2 potions of heal wounds {unknown}
 n - a potion of agility {unknown}
 s - a potion of magic {unknown}
Books
 b - a book of Conjurations

   Spells                             Type                      Level
   a - Magic Dart                     Conjuration                  1
   b - Searing Ray                    Conjuration                  2
   c - Dazzling Spray                 Conjuration/Hexes            3
   d - Fulminant Prism                Conjuration/Hexes            4
   e - Iskenderun's Mystic Blast      Conjuration                  4
   f - Iskenderun's Battlesphere      Conjuration/Charms           5
Comestibles
 c - 4 bread rations
 p - 7 chunks of flesh
 r - a fruit


   Skills:
 - Level 2.4 Dodging
 - Level 2.4 Stealth
 - Level 3.0 Spellcasting
 + Level 7.1 Conjurations
 + Level 0.8 Charms


You had 2 spell levels left.
You knew the following spells:

 Your Spells              Type           Power        Failure   Level  Hunger
a - Magic Dart            Conj           ####         1%          1    None
b - Searing Ray           Conj           ####..       1%          2    ##.....
c - Iskenderun's Battles  Conj/Chrm      ###.....     82%         5    ######.


Dungeon Overview and Level Annotations

Branches:
Dungeon (4/15)             Temple (1/1) D:4

Altars:
Cheibriados
Dithmenos
Elyvilon
Fedhas
Kikubaaqudgha
Makhleb
Nemelex Xobeh
Okawaru
Qazlal
Trog
Vehumet
Yredelemnul
Zin
The Shining One

Annotations:
D:3 Sigmund
D:4 varam's ghost, amateur DECj


Message History

The water moccasin bites you.
* * * LOW HITPOINT WARNING * * *
The searing ray hits the water moccasin.
The water moccasin is almost dead.
The searing ray hits the leopard gecko.
You kill the leopard gecko!
Vehumet accepts your kill.
You finish channeling your searing ray.
* * * LOW HITPOINT WARNING * * *
You feel sick. The water moccasin misses you.
Okay, then.
Casting: Searing Ray
Confirm with . or Enter, or press ? or * to list all spells.
Aiming: Searing Ray
Press: ? - help, Shift-Dir - straight line, f/p - water moccasin
Aim: a water moccasin (almost dead)
The searing ray misses the water moccasin.
* * * LOW HITPOINT WARNING * * *
You feel sick. The water moccasin bites you.
You die...

#..####.###..# #.. ..
.........#...###.# .####
..............##.# ......
.......#..#...##.##..l#
..............#......#
..................##
.......#...........#####.
.......#.##...##S........
####.###.##....#@######...
## #.......###...# .#
.#######.#...##..### #.#
...# ###.###..##...####..#
##.###...# ##....>......#
#......### ####.#....###
#.##.### ####......####
#.##...(.........##......#
#.##############.....##..#


You could see a water moccasin.

Vanquished Creatures
  A hound (D:4)
  A worker ant (D:4)
  A gnoll (D:1)
  3 adders (D:3)
  3 worms
  A dart slug (D:2)
  3 leopard geckos
  4 orcs (D:4)
  A ball python (D:2)
  2 giant cockroaches
  7 goblins
  4 hobgoblins
  A jackal (D:1)
  6 kobolds
  6 bats
  8 frilled lizards
  13 rats
65 creatures vanquished.

Notes
Turn   | Place    | Note
-------+----------+-------------------------------------------
     0 | D:1      | varam the Deep Elf Conjurer began the quest for the Orb.
     0 | D:1      | Reached XP level 1. HP: 10/10 MP: 6/6
   432 | D:1      | Reached XP level 2. HP: 15/15 MP: 2/8
   502 | D:1      | Reached skill level 5 in Conjurations
   865 | D:1      | Learned a level 2 spell: Searing Ray
   903 | D:1      | Reached XP level 3. HP: 19/19 MP: 4/9
  2220 | D:2      | Reached skill level 6 in Conjurations
  2359 | D:3      | Found a blossoming altar of Fedhas.
  2390 | D:3      | Found a basalt altar of Yredelemnul.
  2508 | D:3      | Reached XP level 4. HP: 24/24 MP: 6/10
  2844 | D:3      | Noticed Sigmund
  2903 | D:4      | Noticed varam's ghost (amateur DECj)
  3062 | D:4      | Found a staircase to the Ecumenical Temple.
  3071 | Temple   | Entered the Ecumenical Temple
  3103 | Temple   | Became a worshipper of Vehumet
  3291 | D:4      | Reached skill level 7 in Conjurations
  3291 | D:4      | Reached XP level 5. HP: 27/28 MP: 3/11
  3304 | D:4      | Learned a level 5 spell: Iskenderun's Battlesphere
  3522 | D:4      | Noticed a water moccasin
  3530 | D:4      | Slain by a water moccasin

Vault maps used:
D:1:      dpeg_arrival_stone_temple_mockup
D:2:      first_bread
D:3:      minitemple, uniq_sigmund, uniq_iyjb
D:4:      lemuel_doored_altar
Temple:   minmay_temple_bridge_abc

Skill      XL: |  1  2  3  4 |
---------------+-------------+-----
Conjurations   | 5 6 7 |  7.1
Dodging        | |  2.4
Stealth        | |  2.4
Spellcasting   | |  3.0
Charms         | |  0.8

Action                   |  1- 3 |  4- 6 || total
-------------------------+-------+-------++-------
 Fire: Hunting sling     |     4 |    13 ||    17
 Cast: Magic Dart        |    84 |     9 ||    93
       Searing Ray       |     2 |    10 ||    12
  Eat: Chunk             |     5 |     1 ||     6
       Fruit             |       |     2 ||     2
Armor: Robe              |       |     3 ||     3
Dodge: Dodged            |     9 |    17 ||    26
